Canucks vs Sharks

Created - 19 décembre 2023 at 19:41

Goals
1 2 3 OT1 T
Canucks 0 1 1 0 2
Sharks 1 1 0 1 3
Shots
1 2 3 OT1 T
Canucks 6 6 7 5 24
Sharks 15 14 7 1 37

GoalsPenalties
1st period
1. Sharks , Dylan Larkin 8 (Robert Thomas 9) at 4:10
No Penalty
2nd period
2. Sharks , Mason McTavish 6 (Travis Boyd 6) at 5:06
3. Canucks , Denis Gurianov 2 (Blake Wheeler 15) at 5:16
No Penalty
3rd period
4. Canucks , Mika Zibanejad 15 (Andrei Kuzmenko 7) at 8:33 (PP)
Boone Jenner (SJS) for Roughing (Minor) at 8:25
Darnell Nurse (VAN) for Roughing (Minor) at 9:30
Luke Schenn (VAN) for Tripping (Minor) at 18:44
Overtime #1
5. Sharks , Robert Thomas 10 (Mats Zuccarello 12) at 4:49
No Penalty
Goalie Stats
Thomas Greiss (VAN), 34 saves from 37 shots - (0,919), OTL, 2-3-2, 64:49 minutes
Ukko-Pekka Luukkonen (SJS), 22 saves from 24 shots - (0,917), W, 5-3-1, 64:49 minutes
3 StarsOfficial
1 - Robert Thomas (SJS)
2 - Dylan Larkin (SJS)
3 - Mason McTavish (SJS)
Referees : Gord Dwyer and Tim Mayer
Linesman : Bryan Pancich and Brad Kovachik
Game Note
Jake Walman is injured at 5:22 of 2nd period (Bruised Left Arm)
Finance
Level 1 -- Attendance: 5490 (91,50%) -- Ticket Income $549,000
Level 2 -- Attendance: 4476 (89,52%) -- Ticket Income $268,560
Level 3 -- Attendance: 1809 (90,45%) -- Ticket Income $63,315
Level 4 -- Attendance: 3603 (90,08%) -- Ticket Income $72,060
Luxury Box -- Attendance: 931 (93,10%) -- Ticket Income $186,200
Game was played at the Wananiche.
Total Attendance: 16309 (90,61%)
Total Ticket Income: $1,139,135
Other Income: $558,176
Total Income: $1,697,311



Team Name Goals Shots Shots Attemp Shots Blocked PIM HIT PP PK FO%
Canucks 2244474191 / 1 (100%)051%
Sharks 3375922250 / 2 (0%)149%

Canucks
Player Name POS G A P +/- PIM HIT SHT SB MP PP MP PP SHT PK MP PK SHT FO% FOT GA TA
Andrei KuzmenkoLW/RW011-1023019:110:0800:0000% 010
Blake WheelerC/LW/RW011-1016024:440:0001:12050% 211
Charlie McAvoyD0000022124:570:0802:2100% 022
Darnell NurseD000-1221025:370:0001:2910% 001
Darren HelmC/LW/RW0000011113:500:0000:200100% 101
Denis GurianovLW/RW1011013016:450:0000:0000% 000
Dominik KubalikLW000-1012019:420:0001:2110% 000
Eetu LuostarinenC/LW0000012017:130:0000:35047% 1510
Erik JohnsonD000-1000016:580:0001:5400% 000
Jake WalmanD000000029:440:0000:0000% 001
Jimmy VeseyLW/RW0000000015:580:0000:2000% 000
Jordan MartinookC/LW000-101009:550:0000:00020% 1000
Justin BarronD000000003:000:0000:0000% 000
Luke SchennD000-1201018:550:0800:5000% 000
Michael McleodC/RW000-1011012:540:0801:420100% 101
Mika ZibanejadC/LW/RW101-1021119:170:0810:00071% 1710
Quinn HughesD0000020126:220:0001:2200% 003
Ryan McLeodC0000021116:100:0001:42043% 710
Sharks
Player Name POS G A P +/- PIM HIT SHT SB MP PP MP PP SHT PK MP PK SHT FO% FOT GA TA
Alex PietrangeloD0001023123:002:0800:0800% 001
Boone JennerC/LW/RW0000214017:471:2600:0000% 110
Brandon TanevLW/RW0001021014:530:0300:0800% 000
Brett KulakD0000013022:552:0810:0800% 000
Calvin De HaanD0001030015:580:0000:0000% 001
Dylan LarkinC/LW/RW1011042018:001:4510:0000% 020
Jonathan HuberdeauC/LW/RW0000013018:311:2600:0800% 101
Joseph VelenoC0000021014:490:0000:00046% 1300
Justin BraunD0001000016:350:0000:0000% 001
K'Andre MillerD0000011021:391:0600:0000% 001
Kasperi KapanenLW/RW000-1020016:460:0000:00067% 310
Lukas ReichelLW/RW0001002010:210:0000:0000% 010
Mason McTavishC/LW1011022010:210:0000:0000% 020
Mats ZuccarelloLW/RW0110006019:491:4800:0000% 121
Robert ThomasC/RW1122003016:551:2600:00063% 1600
Shea TheodoreD0000022125:271:0600:0000% 000
Sidney CrosbyC000-1013020:451:4800:00044% 1810
Travis BoydC/RW0111011010:320:0000:0000% 001

Canucks

5 vs 5 Forward
Line #Left WingCenterRight WingPHYDFOFWanted %Time %Time Play
1Dominik KubalikMika ZibanejadAndrei Kuzmenko0053231%17:37
2Denis GurianovEetu LuostarinenBlake Wheeler1133030%16:57
3Blake WheelerJordan MartinookMichael Mcleod1402817%9:46
4Darren HelmRyan McLeodJimmy Vesey1401022%12:18
5 vs 5 Defense
Line #DefenseDefensePHYDFOFWanted %Time %Time Play
1Quinn HughesDarnell Nurse0054035%19:58
2Charlie McAvoyJake Walman1224046%25:48
3Erik JohnsonLuke Schenn1402018%10:03
4Darnell NurseCharlie McAvoy14001%0:49
Power Play Forward
Line #Left WingCenterRight WingPHYDFOFWanted %Time %Time Play
1Andrei KuzmenkoMika ZibanejadMichael Mcleod10460100%0:08
2Dominik KubalikEetu LuostarinenRyan McLeod104400%0:00
Power Play Defense
Line #DefenseDefensePHYDFOFWanted %Time %Time Play
1Quinn HughesBlake Wheeler104600%0:00
2Charlie McAvoyJake Walman10440100%0:08
Penalty Kill 4 Players Forward
Line #CenterWingPHYDFOFWanted %Time %Time Play
1Ryan McLeodMichael Mcleod14080100%3:14
2Eetu LuostarinenJordan Martinook140200%0:00
Penalty Kill 4 Players Defense
Line #DefenseDefensePHYDFOFWanted %Time %Time Play
1Erik JohnsonDarnell Nurse0506059%1:54
2Charlie McAvoyLuke Schenn0504041%1:20
Penalty Kill 3 Players
Line #WingPHYDFOFWanted %Time %Time PlayDefenseDefensePHYDFOFWanted %Time %Time Play
1Eetu Luostarinen05060100%0:44 Charlie McAvoyDarnell Nurse05060100%0:44
2Jordan Martinook050400%0:00 Quinn HughesLuke Schenn050400%0:00
4 vs 4 Forward
Line #CenterWingPHYDFOFWanted %Time %Time Play
1Mika ZibanejadBlake Wheeler122600%0:00
2Eetu LuostarinenDominik Kubalik122400%0:00
4 vs 4 Defense
Line #DefensePHYDFOFWanted %Time %Time Play
1Charlie McAvoyDarnell Nurse122600%0:00
2Quinn HughesJake Walman122400%0:00
Last Minutes Offensive
Left WingCenterRight WingDefenseDefense
Blake WheelerMika ZibanejadDenis GurianovCharlie McAvoyQuinn Hughes
Last Minutes Defensive
Left WingCenterRight WingDefenseDefense
Denis GurianovMika ZibanejadMichael McleodCharlie McAvoyDarnell Nurse
Time
Total ForwardTotal DefenseLast Minutes OffensiveLast Minutes Defensive
60:44 60:44 0:000:00
Extra Forwards
Normal PowerPlayPenalty Kill
Ryan McLeod, Blake Wheeler, Dominik KubalikRyan McLeod, Blake WheelerDominik Kubalik
Extra Defensemen
Normal PowerPlayPenalty Kill
Charlie McAvoy, Luke Schenn, Quinn HughesLuke Schenn, Quinn HughesCharlie McAvoy
Penalty Shots
Mika Zibanejad, Blake Wheeler, Quinn Hughes, Michael Mcleod, Eetu Luostarinen
Goalie
Thomas Greiss, Stuart Skinner
Custom OT Lines Forwards
Mika Zibanejad, Andrei Kuzmenko, Denis Gurianov, Jimmy Vesey, Eetu Luostarinen, Blake Wheeler, Michael Mcleod, Ryan McLeod, Jordan Martinook, Dominik Kubalik
Custom OT Lines Defensemen
Charlie McAvoy, Darnell Nurse, Quinn Hughes, Luke Schenn, Erik Johnson
Scratches
Alex Tuch (Healthy), Alex Killorn (Healthy)

Sharks

5 vs 5 Forward
Line #Left WingCenterRight WingPHYDFOFWanted %Time %Time Play
1Dylan LarkinRobert ThomasBrandon Tanev1222926%14:42
2Mats ZuccarelloSidney CrosbyKasperi Kapanen1222930%16:46
3Jonathan HuberdeauJoseph VelenoBoone Jenner1222926%14:49
4Mason McTavishTravis BoydLukas Reichel0321318%10:21
5 vs 5 Defense
Line #DefenseDefensePHYDFOFWanted %Time %Time Play
1Alex PietrangeloBrett Kulak0233532%18:19
2Shea TheodoreK'Andre Miller0323536%20:17
3Calvin De HaanJustin Braun0322428%15:58
4Brett KulakShea Theodore04164%2:04
Power Play Forward
Line #Left WingCenterRight WingPHYDFOFWanted %Time %Time Play
1Dylan LarkinSidney CrosbyMats Zuccarello0145556%1:48
2Jonathan HuberdeauRobert ThomasBoone Jenner0144544%1:26
Power Play Defense
Line #DefenseDefensePHYDFOFWanted %Time %Time Play
1Alex PietrangeloBrett Kulak0235566%2:08
2Shea TheodoreK'Andre Miller0234534%1:06
Penalty Kill 4 Players Forward
Line #CenterWingPHYDFOFWanted %Time %Time Play
1Boone JennerBrandon Tanev04155100%0:08
2Robert ThomasDylan Larkin041450%0:00
Penalty Kill 4 Players Defense
Line #DefenseDefensePHYDFOFWanted %Time %Time Play
1Alex PietrangeloBrett Kulak05055100%0:08
2Brett KulakK'Andre Miller050450%0:00
Penalty Kill 3 Players
Line #WingPHYDFOFWanted %Time %Time PlayDefenseDefensePHYDFOFWanted %Time %Time Play
1Boone Jenner050550%0:00 Alex PietrangeloBrett Kulak050550%0:00
2Robert Thomas050450%0:00 Justin BraunK'Andre Miller050450%0:00
4 vs 4 Forward
Line #CenterWingPHYDFOFWanted %Time %Time Play
1Sidney CrosbyJonathan Huberdeau0325580%0:35
2Dylan LarkinMats Zuccarello0324520%0:09
4 vs 4 Defense
Line #DefensePHYDFOFWanted %Time %Time Play
1Alex PietrangeloShea Theodore0325566%55% - 0:29
2Brett KulakK'Andre Miller0324534%45% - 0:15
Last Minutes Offensive
Left WingCenterRight WingDefenseDefense
Jonathan HuberdeauSidney CrosbyBoone JennerAlex PietrangeloShea Theodore
Last Minutes Defensive
Left WingCenterRight WingDefenseDefense
Boone JennerDylan LarkinRobert ThomasBrett KulakAlex Pietrangelo
Time
Total ForwardTotal DefenseLast Minutes OffensiveLast Minutes Defensive
60:44 60:44 0:000:00
Extra Forwards
Normal PowerPlayPenalty Kill
Dylan Larkin, Boone Jenner, Jonathan HuberdeauBoone Jenner, Dylan LarkinJonathan Huberdeau
Extra Defensemen
Normal PowerPlayPenalty Kill
K'Andre Miller, Shea Theodore, Justin BraunK'Andre Miller, Justin BraunK'Andre Miller
Penalty Shots
Mats Zuccarello, Boone Jenner, Dylan Larkin, Sidney Crosby, Jonathan Huberdeau
Goalie
Ukko-Pekka Luukkonen, Darcy Kuemper
Custom OT Lines Forwards
Jonathan Huberdeau, Sidney Crosby, Dylan Larkin, Boone Jenner, Mats Zuccarello, Robert Thomas, Travis Boyd, Mason McTavish, Brandon Tanev, Kasperi Kapanen
Custom OT Lines Defensemen
Alex Pietrangelo, Shea Theodore, Justin Braun, K'Andre Miller, Brett Kulak
Scratches
Mark Borowiecki (Healthy), Oliver Wahlstrom (Healthy)


Play-by-Play

1st period


0:01 of 1st period - Mika Zibanejad wins face-off versus Robert Thomas in neutral zone.
0:04 of 1st period - Snap shot by Dominik Kubalik.
0:04 of 1st period - Shot Misses the Net.
0:06 of 1st period - Wrist shot by Mika Zibanejad.
0:06 of 1st period - Shot Blocked by Alex Pietrangelo.
0:10 of 1st period - Snap shot by Mika Zibanejad.
0:10 of 1st period - Shot Misses the Net.
1:17 of 1st period - Wrist shot by Mason McTavish.
1:17 of 1st period - Stopped by Thomas Greiss with a rebound.
1:19 of 1st period - Wrist shot by Travis Boyd.
1:19 of 1st period - Stopped by Thomas Greiss with a rebound.
1:35 of 1st period - Off-side.
1:36 of 1st period - Mika Zibanejad wins face-off versus Kasperi Kapanen in neutral zone.
2:08 of 1st period - Wrist shot by Blake Wheeler.
2:08 of 1st period - Stopped by Ukko-Pekka Luukkonen with a rebound.
2:10 of 1st period - Slapshot by Erik Johnson.
2:10 of 1st period - Shot Misses the Net.
2:28 of 1st period - Jimmy Vesey is hit by Dylan Larkin.
2:32 of 1st period - Slapshot by Dylan Larkin.
2:32 of 1st period - Shot Blocked by Darren Helm.
2:34 of 1st period - Slapshot by Calvin De Haan.
2:34 of 1st period - Shot Misses the Net.
2:36 of 1st period - Wrist shot by Brandon Tanev.
2:36 of 1st period - Stopped by Thomas Greiss with a rebound.
3:40 of 1st period - Icing by Blake Wheeler.
3:41 of 1st period - Robert Thomas wins face-off versus Eetu Luostarinen in Canucks zone.
3:52 of 1st period - Snap shot by Mats Zuccarello.
3:52 of 1st period - Stopped by Thomas Greiss with a rebound.
3:58 of 1st period - Snap shot by Sidney Crosby.
3:58 of 1st period - Stopped by Thomas Greiss with a rebound.
4:10 of 1st period - Snap shot by Dylan Larkin.
4:10 of 1st period - Goal by Dylan Larkin - Canucks : 0 - Sharks : 1.
4:11 of 1st period - Mika Zibanejad wins face-off versus Boone Jenner in neutral zone.
4:55 of 1st period - Snap shot by Robert Thomas.
4:55 of 1st period - Stopped by Thomas Greiss with a rebound.
6:21 of 1st period - Snap shot by Lukas Reichel.
6:21 of 1st period - Shot Misses the Net.
6:23 of 1st period - Wrist shot by Lukas Reichel.
6:23 of 1st period - Shot Blocked by Jake Walman.
7:10 of 1st period - Wrist shot by Lukas Reichel.
7:10 of 1st period - Stopped by Thomas Greiss with a rebound.
7:32 of 1st period - Backhand shot by Ryan McLeod.
7:32 of 1st period - Stopped by Ukko-Pekka Luukkonen without a rebound.
7:33 of 1st period - Robert Thomas wins face-off versus Jordan Martinook in Sharks zone.
8:25 of 1st period - Wrist shot by Blake Wheeler.
8:25 of 1st period - Stopped by Ukko-Pekka Luukkonen without a rebound.
8:26 of 1st period - Eetu Luostarinen wins face-off versus Robert Thomas in Sharks zone.
8:31 of 1st period - Slapshot by Blake Wheeler.
8:31 of 1st period - Shot Misses the Net.
8:57 of 1st period - Wrist shot by Jonathan Huberdeau.
8:57 of 1st period - Shot Blocked by Mika Zibanejad.
9:11 of 1st period - Luke Schenn is hit by Kasperi Kapanen.
11:17 of 1st period - Darnell Nurse is hit by Calvin De Haan and loses puck.
11:44 of 1st period - Kasperi Kapanen is hit by Eetu Luostarinen and loses puck.
12:05 of 1st period - Charlie McAvoy is hit by Joseph Veleno and loses puck.
13:04 of 1st period - Justin Braun is hit by Darren Helm and loses puck.
13:27 of 1st period - Wrist shot by Mats Zuccarello.
13:27 of 1st period - Stopped by Thomas Greiss with a rebound.
13:29 of 1st period - Slapshot by Brett Kulak.
13:29 of 1st period - Stopped by Thomas Greiss with a rebound.
13:51 of 1st period - Darnell Nurse is hit by Brett Kulak and loses puck.
14:01 of 1st period - Off-side.
14:02 of 1st period - Joseph Veleno wins face-off versus Jordan Martinook in neutral zone.
14:04 of 1st period - Off-side.
14:05 of 1st period - Joseph Veleno wins face-off versus Jordan Martinook in neutral zone.
14:10 of 1st period - Snap shot by Boone Jenner.
14:10 of 1st period - Stopped by Thomas Greiss with a rebound.
14:12 of 1st period - Snap shot by Boone Jenner.
14:12 of 1st period - Shot Misses the Net.
14:14 of 1st period - Wrist shot by Joseph Veleno.
14:14 of 1st period - Stopped by Thomas Greiss with a rebound.
14:16 of 1st period - Wrist shot by Boone Jenner.
14:16 of 1st period - Stopped by Thomas Greiss without a rebound.
14:17 of 1st period - Robert Thomas wins face-off versus Blake Wheeler in Canucks zone.
14:20 of 1st period - Backhand shot by Robert Thomas.
14:20 of 1st period - Stopped by Thomas Greiss without a rebound.
14:21 of 1st period - Robert Thomas wins face-off versus Jordan Martinook in Canucks zone.
15:11 of 1st period - Slapshot by Darnell Nurse.
15:11 of 1st period - Shot Misses the Net.
15:13 of 1st period - Snap shot by Jimmy Vesey.
15:13 of 1st period - Shot Misses the Net.
15:58 of 1st period - Wrist shot by Robert Thomas.
15:58 of 1st period - Deflect By Dylan Larkin.
15:58 of 1st period - Shot Misses the Net.
15:58 of 1st period - Puck is out of play.
15:59 of 1st period - Mika Zibanejad wins face-off versus Joseph Veleno in Canucks zone.
16:04 of 1st period - Joseph Veleno is hit by Mika Zibanejad and loses puck.
16:24 of 1st period - Icing by Andrei Kuzmenko.
16:25 of 1st period - Jordan Martinook wins face-off versus Robert Thomas in Canucks zone.
16:36 of 1st period - Wrist shot by Blake Wheeler.
16:36 of 1st period - Shot Misses the Net.
16:38 of 1st period - Wrist shot by Blake Wheeler.
16:38 of 1st period - Shot Misses the Net.
16:40 of 1st period - Slapshot by Luke Schenn.
16:40 of 1st period - Stopped by Ukko-Pekka Luukkonen without a rebound.
16:41 of 1st period - Eetu Luostarinen wins face-off versus Sidney Crosby in Sharks zone.
16:46 of 1st period - Snap shot by Blake Wheeler.
16:46 of 1st period - Stopped by Ukko-Pekka Luukkonen without a rebound.
16:47 of 1st period - Sidney Crosby wins face-off versus Eetu Luostarinen in Sharks zone.
17:46 of 1st period - Jimmy Vesey is hit by Brandon Tanev and loses puck.
18:05 of 1st period - Snap shot by Blake Wheeler.
18:05 of 1st period - Shot Misses the Net.
18:07 of 1st period - Snap shot by Quinn Hughes.
18:07 of 1st period - Shot Blocked by Shea Theodore.
18:11 of 1st period - Wrist shot by Blake Wheeler.
18:11 of 1st period - Stopped by Ukko-Pekka Luukkonen with a rebound.
19:32 of 1st period - Wrist shot by Mason McTavish.
19:32 of 1st period - Shot Misses the Net.
19:34 of 1st period - Slapshot by Justin Braun.
19:34 of 1st period - Shot Hit the Post.
19:36 of 1st period - Slapshot by Mats Zuccarello.
19:36 of 1st period - Stopped by Thomas Greiss without a rebound.
19:37 of 1st period - Eetu Luostarinen wins face-off versus Sidney Crosby in Canucks zone.
Goals for this period are 0 for Canucks vs 1 for Sharks.
Shots for this period are 6 for Canucks vs 15 for Sharks.

2nd period


0:01 of 2nd period - Joseph Veleno wins face-off versus Jordan Martinook in neutral zone.
0:15 of 2nd period - Slapshot by Blake Wheeler.
0:15 of 2nd period - Stopped by Ukko-Pekka Luukkonen with a rebound.
0:48 of 2nd period - Snap shot by Mats Zuccarello.
0:48 of 2nd period - Shot Misses the Net.
0:50 of 2nd period - Slapshot by Mats Zuccarello.
0:50 of 2nd period - Stopped by Thomas Greiss without a rebound.
0:51 of 2nd period - Eetu Luostarinen wins face-off versus Joseph Veleno in Canucks zone.
1:21 of 2nd period - Icing by Dylan Larkin.
1:22 of 2nd period - Robert Thomas wins face-off versus Jordan Martinook in Sharks zone.
1:22 of 2nd period - Robert Thomas is hit by Charlie McAvoy.
2:25 of 2nd period - Off-side.
2:26 of 2nd period - Mika Zibanejad wins face-off versus Sidney Crosby in neutral zone.
2:53 of 2nd period - Jimmy Vesey is hit by Alex Pietrangelo and loses puck.
3:29 of 2nd period - Icing by Alex Pietrangelo.
3:30 of 2nd period - Mika Zibanejad wins face-off versus Joseph Veleno in Sharks zone.
3:31 of 2nd period - Wrist shot by Andrei Kuzmenko.
3:31 of 2nd period - Stopped by Ukko-Pekka Luukkonen with a rebound.
3:37 of 2nd period - Darren Helm is hit by Joseph Veleno and loses puck.
3:42 of 2nd period - Wrist shot by Jonathan Huberdeau.
3:42 of 2nd period - Stopped by Thomas Greiss with a rebound.
3:44 of 2nd period - Slapshot by Alex Pietrangelo.
3:44 of 2nd period - Stopped by Thomas Greiss without a rebound.
3:45 of 2nd period - Eetu Luostarinen wins face-off versus Sidney Crosby in Canucks zone.
3:45 of 2nd period - Eetu Luostarinen is hit by Shea Theodore.
3:48 of 2nd period - Icing by Denis Gurianov.
3:49 of 2nd period - Eetu Luostarinen wins face-off versus Sidney Crosby in Canucks zone.
3:49 of 2nd period - Eetu Luostarinen is hit by K'Andre Miller.
5:06 of 2nd period - Snap shot by Mason McTavish.
5:06 of 2nd period - Goal by Mason McTavish - Canucks : 0 - Sharks : 2.
5:07 of 2nd period - Blake Wheeler wins face-off versus Sidney Crosby in neutral zone.
5:16 of 2nd period - Snap shot by Denis Gurianov.
5:16 of 2nd period - Goal by Denis Gurianov - Canucks : 1 - Sharks : 2.
5:17 of 2nd period - Sidney Crosby wins face-off versus Eetu Luostarinen in neutral zone.
5:22 of 2nd period - Wrist shot by Mats Zuccarello.
5:22 of 2nd period - Shot Blocked by Jake Walman.
5:22 of 2nd period - Jake Walman from Canucks is injured at 5:22 of 2nd period (Bruised Left Arm).
5:23 of 2nd period - Eetu Luostarinen wins face-off versus Joseph Veleno in Canucks zone.
5:57 of 2nd period - Snap shot by Sidney Crosby.
5:57 of 2nd period - Stopped by Thomas Greiss without a rebound.
5:58 of 2nd period - Robert Thomas wins face-off versus Eetu Luostarinen in Canucks zone.
6:48 of 2nd period - Boone Jenner is hit by Jordan Martinook and loses puck.
7:24 of 2nd period - Alex Pietrangelo is hit by Denis Gurianov and loses puck.
7:59 of 2nd period - Quinn Hughes is hit by Kasperi Kapanen and loses puck.
8:08 of 2nd period - K'Andre Miller is hit by Quinn Hughes and loses puck.
8:25 of 2nd period - Slapshot by Robert Thomas.
8:25 of 2nd period - Shot Misses the Net.
8:57 of 2nd period - Wrist shot by Jonathan Huberdeau.
8:57 of 2nd period - Stopped by Thomas Greiss without a rebound.
8:58 of 2nd period - Joseph Veleno wins face-off versus Eetu Luostarinen in Canucks zone.
9:43 of 2nd period - Luke Schenn is hit by Mason McTavish and loses puck.
10:30 of 2nd period - Snap shot by Mats Zuccarello.
10:30 of 2nd period - Shot Blocked by Ryan McLeod.
10:34 of 2nd period - Snap shot by Mats Zuccarello.
10:34 of 2nd period - Stopped by Thomas Greiss without a rebound.
10:35 of 2nd period - Kasperi Kapanen wins face-off versus Jordan Martinook in Canucks zone.
12:19 of 2nd period - Kasperi Kapanen is hit by Dominik Kubalik and loses puck.
12:32 of 2nd period - Wrist shot by Blake Wheeler.
12:32 of 2nd period - Shot Misses the Net.
12:34 of 2nd period - Snap shot by Blake Wheeler.
12:34 of 2nd period - Stopped by Ukko-Pekka Luukkonen with a rebound.
13:26 of 2nd period - Snap shot by Charlie McAvoy.
13:26 of 2nd period - Deflect By Ryan McLeod.
13:26 of 2nd period - Shot Misses the Net.
13:26 of 2nd period - Puck is out of play.
13:27 of 2nd period - Mika Zibanejad wins face-off versus Joseph Veleno in Sharks zone.
13:42 of 2nd period - Slapshot by Shea Theodore.
13:42 of 2nd period - Stopped by Thomas Greiss with a rebound.
14:50 of 2nd period - Erik Johnson is hit by Calvin De Haan.
14:54 of 2nd period - Michael Mcleod is hit by Calvin De Haan.
15:06 of 2nd period - Slapshot by Darnell Nurse.
15:06 of 2nd period - Shot Misses the Net.
15:38 of 2nd period - Snap shot by Darren Helm.
15:38 of 2nd period - Stopped by Ukko-Pekka Luukkonen without a rebound.
15:39 of 2nd period - Robert Thomas wins face-off versus Mika Zibanejad in Sharks zone.
16:04 of 2nd period - Denis Gurianov is hit by Boone Jenner and loses puck.
16:09 of 2nd period - Slapshot by Boone Jenner.
16:09 of 2nd period - Stopped by Thomas Greiss with a rebound.
16:11 of 2nd period - Wrist shot by Brett Kulak.
16:11 of 2nd period - Shot Blocked by Charlie McAvoy.
16:13 of 2nd period - Wrist shot by Jonathan Huberdeau.
16:13 of 2nd period - Stopped by Thomas Greiss with a rebound.
16:15 of 2nd period - Slapshot by Brett Kulak.
16:15 of 2nd period - Stopped by Thomas Greiss with a rebound.
16:17 of 2nd period - Slapshot by Alex Pietrangelo.
16:17 of 2nd period - Stopped by Thomas Greiss without a rebound.
16:18 of 2nd period - Mika Zibanejad wins face-off versus Sidney Crosby in Canucks zone.
16:32 of 2nd period - Brett Kulak is hit by Andrei Kuzmenko and loses puck.
16:50 of 2nd period - Snap shot by Ryan McLeod.
16:50 of 2nd period - Shot Misses the Net.
16:52 of 2nd period - Slapshot by Darren Helm.
16:52 of 2nd period - Shot Misses the Net.
16:54 of 2nd period - Wrist shot by Jimmy Vesey.
16:54 of 2nd period - Shot Misses the Net.
17:10 of 2nd period - Luke Schenn is hit by Dylan Larkin and loses puck.
17:59 of 2nd period - Boone Jenner is hit by Ryan McLeod.
18:00 of 2nd period - Icing by Boone Jenner.
18:01 of 2nd period - Joseph Veleno wins face-off versus Ryan McLeod in Sharks zone.
18:06 of 2nd period - Slapshot by Charlie McAvoy.
18:06 of 2nd period - Stopped by Ukko-Pekka Luukkonen without a rebound.
18:07 of 2nd period - Kasperi Kapanen wins face-off versus Mika Zibanejad in Sharks zone.
19:01 of 2nd period - Icing by Charlie McAvoy.
19:02 of 2nd period - Ryan McLeod wins face-off versus Mats Zuccarello in Canucks zone.
19:15 of 2nd period - Icing by Charlie McAvoy.
19:16 of 2nd period - Joseph Veleno wins face-off versus Ryan McLeod in Canucks zone.
19:17 of 2nd period - Wrist shot by Jonathan Huberdeau.
19:17 of 2nd period - Shot Misses the Net.
19:31 of 2nd period - Wrist shot by Boone Jenner.
19:31 of 2nd period - Stopped by Thomas Greiss with a rebound.
19:41 of 2nd period - Luke Schenn is hit by Shea Theodore and loses puck.
19:48 of 2nd period - Snap shot by Sidney Crosby.
19:48 of 2nd period - Stopped by Thomas Greiss without a rebound.
19:49 of 2nd period - Robert Thomas wins face-off versus Jordan Martinook in Canucks zone.
Goals for this period are 1 for Canucks vs 1 for Sharks.
Shots for this period are 6 for Canucks vs 14 for Sharks.

3rd period


0:01 of 3rd period - Jordan Martinook wins face-off versus Robert Thomas in neutral zone.
0:20 of 3rd period - Brandon Tanev is hit by Darnell Nurse and loses puck.
0:31 of 3rd period - Snap shot by Dylan Larkin.
0:31 of 3rd period - Deflect By Joseph Veleno.
0:31 of 3rd period - Shot Misses the Net.
0:31 of 3rd period - Puck is out of play.
0:32 of 3rd period - Mika Zibanejad wins face-off versus Joseph Veleno in Canucks zone.
1:00 of 3rd period - Off-side.
1:01 of 3rd period - Sidney Crosby wins face-off versus Eetu Luostarinen in neutral zone.
1:14 of 3rd period - Wrist shot by Eetu Luostarinen.
1:14 of 3rd period - Stopped by Ukko-Pekka Luukkonen with a rebound.
1:26 of 3rd period - Wrist shot by Blake Wheeler.
1:26 of 3rd period - Shot Misses the Net.
3:40 of 3rd period - Wrist shot by Mats Zuccarello.
3:40 of 3rd period - Stopped by Thomas Greiss with a rebound.
3:42 of 3rd period - Backhand shot by K'Andre Miller.
3:42 of 3rd period - Stopped by Thomas Greiss with a rebound.
3:44 of 3rd period - Slapshot by Shea Theodore.
3:44 of 3rd period - Stopped by Thomas Greiss with a rebound.
4:35 of 3rd period - Off-side.
4:36 of 3rd period - Mika Zibanejad wins face-off versus Robert Thomas in neutral zone.
4:47 of 3rd period - Wrist shot by Robert Thomas.
4:47 of 3rd period - Shot Misses the Net.
5:03 of 3rd period - Brett Kulak is hit by Ryan McLeod and loses puck.
6:32 of 3rd period - Icing by Brett Kulak.
6:33 of 3rd period - Darren Helm wins face-off versus Joseph Veleno in Sharks zone.
6:34 of 3rd period - Wrist shot by Michael Mcleod.
6:34 of 3rd period - Stopped by Ukko-Pekka Luukkonen with a rebound.
6:44 of 3rd period - Snap shot by Boone Jenner.
6:44 of 3rd period - Deflect By Jonathan Huberdeau.
6:44 of 3rd period - Shot Misses the Net.
6:44 of 3rd period - Puck is out of play.
6:45 of 3rd period - Mika Zibanejad wins face-off versus Robert Thomas in Canucks zone.
7:02 of 3rd period - Snap shot by Dylan Larkin.
7:02 of 3rd period - Shot Misses the Net.
7:12 of 3rd period - Slapshot by Alex Pietrangelo.
7:12 of 3rd period - Stopped by Thomas Greiss with a rebound.
7:42 of 3rd period - Ryan McLeod is hit by Alex Pietrangelo and loses puck.
7:53 of 3rd period - Brandon Tanev is hit by Andrei Kuzmenko and loses puck.
8:12 of 3rd period - Erik Johnson is hit by Mason McTavish and loses puck.
8:25 of 3rd period - Minor Penalty to Boone Jenner for Roughing.
8:26 of 3rd period - Mika Zibanejad wins face-off versus Jonathan Huberdeau in Sharks zone.
8:33 of 3rd period - Wrist shot by Mika Zibanejad.
8:33 of 3rd period - Goal by Mika Zibanejad - Canucks : 2 - Sharks : 2.
8:34 of 3rd period - Robert Thomas wins face-off versus Mika Zibanejad in neutral zone.
8:34 of 3rd period - Robert Thomas is hit by Darnell Nurse.
9:09 of 3rd period - Backhand shot by Lukas Reichel.
9:09 of 3rd period - Stopped by Thomas Greiss with a rebound.
9:30 of 3rd period - Minor Penalty to Darnell Nurse for Roughing.
9:31 of 3rd period - Sidney Crosby wins face-off versus Ryan McLeod in Canucks zone.
9:33 of 3rd period - Backhand shot by Dylan Larkin.
9:33 of 3rd period - Stopped by Thomas Greiss without a rebound.
9:34 of 3rd period - Ryan McLeod wins face-off versus Sidney Crosby in Canucks zone.
9:47 of 3rd period - Ryan McLeod is hit by Sidney Crosby and loses puck.
10:10 of 3rd period - Boone Jenner is hit by Michael Mcleod and loses puck.
10:17 of 3rd period - Erik Johnson is hit by Jonathan Huberdeau and loses puck.
10:28 of 3rd period - Mats Zuccarello is hit by Blake Wheeler and loses puck.
11:30 of 3rd period - Penalty to Darnell Nurse is over, Darnell Nurse is back on ice.
12:04 of 3rd period - Andrei Kuzmenko is hit by Brandon Tanev and loses puck.
12:45 of 3rd period - Wrist shot by Eetu Luostarinen.
12:45 of 3rd period - Deflect By Denis Gurianov.
12:45 of 3rd period - Stopped by Ukko-Pekka Luukkonen with a rebound.
12:47 of 3rd period - Snap shot by Eetu Luostarinen.
12:47 of 3rd period - Stopped by Ukko-Pekka Luukkonen with a rebound.
12:49 of 3rd period - Snap shot by Denis Gurianov.
12:49 of 3rd period - Stopped by Ukko-Pekka Luukkonen with a rebound.
12:51 of 3rd period - Snap shot by Eetu Luostarinen.
12:51 of 3rd period - Shot Misses the Net.
14:12 of 3rd period - Dominik Kubalik is hit by Travis Boyd and loses puck.
14:44 of 3rd period - Alex Pietrangelo is hit by Quinn Hughes and loses puck.
14:57 of 3rd period - Jonathan Huberdeau is hit by Charlie McAvoy and loses puck.
15:50 of 3rd period - Snap shot by Dylan Larkin.
15:50 of 3rd period - Shot Blocked by Quinn Hughes.
16:55 of 3rd period - Mats Zuccarello is hit by Mika Zibanejad and loses puck.
17:28 of 3rd period - Icing by Jonathan Huberdeau.
17:29 of 3rd period - Robert Thomas wins face-off versus Eetu Luostarinen in Sharks zone.
17:40 of 3rd period - Eetu Luostarinen is hit by Dylan Larkin and loses puck.
18:26 of 3rd period - Snap shot by Dominik Kubalik.
18:26 of 3rd period - Stopped by Ukko-Pekka Luukkonen without a rebound.
18:27 of 3rd period - Ryan McLeod wins face-off versus Sidney Crosby in Sharks zone.
18:44 of 3rd period - Minor Penalty to Luke Schenn for Tripping.
18:45 of 3rd period - Sidney Crosby wins face-off versus Ryan McLeod in Canucks zone.
18:58 of 3rd period - Wrist shot by Sidney Crosby.
18:58 of 3rd period - Shot Misses the Net.
19:00 of 3rd period - Snap shot by Brett Kulak.
19:00 of 3rd period - Stopped by Thomas Greiss with a rebound.
19:02 of 3rd period - Snap shot by Alex Pietrangelo.
19:02 of 3rd period - Shot Misses the Net.
Goals for this period are 1 for Canucks vs 0 for Sharks.
Shots for this period are 7 for Canucks vs 7 for Sharks.

Overtime #1


0:01 of 1st overtime period - Sidney Crosby wins face-off versus Eetu Luostarinen in neutral zone.
0:40 of 1st overtime period - Snap shot by Dominik Kubalik.
0:40 of 1st overtime period - Stopped by Ukko-Pekka Luukkonen with a rebound.
0:42 of 1st overtime period - Slapshot by Darnell Nurse.
0:42 of 1st overtime period - Stopped by Ukko-Pekka Luukkonen with a rebound.
0:44 of 1st overtime period - Penalty to Luke Schenn is over, Luke Schenn is back on ice.
0:44 of 1st overtime period - Wrist shot by Charlie McAvoy.
0:44 of 1st overtime period - Stopped by Ukko-Pekka Luukkonen without a rebound.
0:45 of 1st overtime period - Sidney Crosby wins face-off versus Mika Zibanejad in Sharks zone.
1:08 of 1st overtime period - Quinn Hughes is hit by Dylan Larkin.
3:20 of 1st overtime period - Snap shot by Ryan McLeod.
3:20 of 1st overtime period - Shot Misses the Net.
3:29 of 1st overtime period - Icing by Darnell Nurse.
3:30 of 1st overtime period - Michael Mcleod wins face-off versus Sidney Crosby in Canucks zone.
3:39 of 1st overtime period - Wrist shot by Andrei Kuzmenko.
3:39 of 1st overtime period - Stopped by Ukko-Pekka Luukkonen with a rebound.
3:41 of 1st overtime period - Snap shot by Andrei Kuzmenko.
3:41 of 1st overtime period - Stopped by Ukko-Pekka Luukkonen without a rebound.
3:42 of 1st overtime period - Sidney Crosby wins face-off versus Mika Zibanejad in Sharks zone.
4:49 of 1st overtime period - Snap shot by Robert Thomas.
4:49 of 1st overtime period - Goal by Robert Thomas - Canucks : 2 - Sharks : 3.
Goals for this period are 0 for Canucks vs 1 for Sharks.
Shots for this period are 5 for Canucks vs 1 for Sharks.




Output by the SimonT Hockey Simulator (STHS) for Alexandre Lamarre - Original Page W3C HTML5 Valid
Hockey Simulator - Hockey Simulation - Hockey Manager